 Dungeon Crawl Stone Soup version 0.23.2-40-g277498a001 (webtiles) character file.

Game seed: 16410760415284993277

55 DildoBatman the Conjurer (level 4, 0/30 HPs)
             Began as a Formicid Wizard on Aug 15, 2019.
             Slain by a bat (1 damage)
             ... on level 2 of the Dungeon.
             The game lasted 00:03:39 (1277 turns).

DildoBatman the Conjurer (Formicid Wizard)          Turns: 1277, Time: 00:03:39

Health: 0/30       AC:  2    Str: 12    XL:     4   Next: 14%
Magic:  4/8        EV: 12    Int: 18    God:
Gold:   105        SH:  0    Dex:  9    Spells: 2/9 levels left

rFire    . . .     SeeInvis +   b - +0 dagger
rCold    + . .     Gourm    .   (no shield)
rNeg     . . .     Faith    .   a - +0 robe
rPois    .         Spirit   .   (helmet unavailable)
rElec    .         Reflect  .   (no cloak)
rCorr    .         Harm     .   (no gloves)
MR       .....                  (no boots)
Stlth    ++........             (no amulet)
HPRegen  0.10/turn              l - ring of protection from cold
MPRegen  0.11/turn              (no ring)

@: no status effects
A: permanent stasis, dig shafts and tunnels, four strong arms, antennae 3
a: Dig, Shaft Self


You were on level 2 of the Dungeon.
You were not hungry.

You visited 1 branch of the dungeon, and saw 2 of its levels.

You collected 105 gold pieces.

Inventory:

Hand Weapons
 b - a +0 dagger (weapon)
Missiles
 d - 18 poisoned needles
 g - 32 stones (quivered)
 h - 37 arrows
 k - 4 tomahawks
Armour
 a - a +0 robe (worn)
Jewellery
 l - a ring of protection from cold (left hand)
Scrolls
 e - a scroll of remove curse {unknown}
 i - a scroll of amnesia {unknown}
 j - 4 scrolls of identify {unknown}
Potions
 f - a potion of curing {unknown}
Comestibles
 c - 3 chunks of flesh
 v - 2 rations


   Skills:
 - Level 1.7 Dodging
 - Level 2.4 Stealth
 - Level 3.2 Spellcasting
 * Level 3.3 Conjurations
   Level 1.0 Summonings
   Level 0.8 Translocations


You had 2 spell levels left.
You knew the following spells:

 Your Spells              Type           Power        Failure   Level  Hunger
a - Conjure Flame         Conj/Fire      #.......     24%         3    ###....
c - Magic Dart            Conj           ##..         4%          1    None
e - Mephitic Cloud        Conj/Pois/Air  #.......     30%         3    ###....

Your spell library contained the following spells:

 Spells                   Type           Power        Failure   Level  Hunger
 Call Imp                 Summ           #.......     16%         2    ##.....
 Slow                     Hex            #.......     24%         2    ##.....
 Blink                    Tloc           Unusable     N/A         2    N/A

Dungeon Overview and Level Annotations

Branches:
Dungeon (2/15)

Altars:


Innate Abilities, Weirdness & Mutations

You cannot be hasted, slowed, berserked, paralysed or teleported.
You can dig through walls and to a lower floor.
Your four strong arms can wield two-handed weapons with a shield.
You have a pair of large antennae on your head. (SInv)


Message History

What are your orders? t - Shout!
Orders for allies: a - Attack new target. r - Retreat! s - Stop attacking. g - Guard the area. f - Follow me.
Anything else - Cancel.
You shout for attention!
The bat hits you. The hobgoblin closely misses you.
The kobold closely misses you. The bat misses you.
What are your orders? t - Shout!
Orders for allies: a - Attack new target. r - Retreat! s - Stop attacking. g - Guard the area. f - Follow me.
Anything else - Cancel.
You shout for attention!
The bat hits you.
You die...

#... ..##### #... ......
... #... #.###.########.
#.>......#.....
#?.........#
#.##.......###
#.....g....# ####...@..##
##..#Kb...#####..
..#.....##......... #
..#.....##........#.###.#
............#######.....#
....................#...#
.........#.#.............
........##..#............
###.....###...#........>.


You could see a hobgoblin, a bat and a kobold.

Vanquished Creatures
  2 adders (D:2)
  2 oozes
  A dart slug (D:1)
  A leopard gecko (D:1)
  2 giant cockroaches
  3 goblins (D:1)
  6 hobgoblins
  2 bats (D:1)
  3 frilled lizards
  A kobold (D:1)
  4 rats
27 creatures vanquished.

Notes
Turn   | Place    | Note
-------+----------+-------------------------------------------
     0 | D:1      | DildoBatman the Formicid Wizard began the quest for the
                  | Orb.
     0 | D:1      | Reached XP level 1. HP: 13/13 MP: 4/4
     8 | D:1      | Reached skill level 1 in Conjurations
   234 | D:1      | Reached XP level 2. HP: 9/19 MP: 0/6
   552 | D:1      | Reached XP level 3. HP: 15/24 MP: 2/7
   558 | D:1      | Learned a level 3 spell: Conjure Flame
   562 | D:1      | Learned a level 3 spell: Mephitic Cloud
  1254 | D:2      | Reached XP level 4. HP: 27/30 MP: 2/8
  1276 | D:2      | HP: 1/30 [bat (1)]
  1277 | D:2      | Slain by a bat

Skill      XL: |  1  2  3 |
---------------+----------+-----
Conjurations   | 1 2 3 |  3.3
Dodging        | |  1.7
Stealth        | |  2.4
Spellcasting   | |  3.2
Summonings     | |  1.0
Translocations | |  0.8

Action                   |  1- 3 |  4- 6 || total
-------------------------+-------+-------++-------
Melee: Dagger            |    13 |       ||    13
 Cast: Magic Dart        |    73 |     1 ||    74
  Eat: Chunk             |     1 |       ||     1
Armor: Robe              |     9 |     7 ||    16
Dodge: Dodged            |    28 |    33 ||    61
